AoeStats
← 糖老头

Arabia

510082937Analyzed
1v1 RM · 3d ago on Sep 29, 2026· 42m 36s· 2 players
Game mode
Random Map
Map size
Tiny (2 player)
Population
200
Speed
Normal
Resources
Standard
Victory
Conquest
Starting age
Dark Age
Ending age
Imperial Age
RankedLock teamsTeams togetherTeam positionsShared explorationLock speedFull tech treeHidden civsTurbo modeCheats
Victory
Defeat
🇧🇪 Persians · Belgium
1308
+17
🇭🇰 Georgians · Hong Kong SAR China
1338
-17
Okunide
6:59 Loom
9:21 Feudal Age
10:00 Double-Bit Axe
13:52 Forging
17:50 Wheelbarrow
20:23 Castle Age
18:16 Horse Collar
18:57 Gold Mining
20:05 Bloodlines
20:52 Scale Barding Armor
21:17 Heavy Plow
21:31 Bow Saw
21:59 Gold Shaft Mining
23:36 Chain Barding Armor
25:11 Scale Mail Armor
24:34 Pikeman
25:18 Town Watch
26:28 Squires
26:45 Chain Mail Armor
28:35 Iron Casting
29:24 Fletching
29:59 Husbandry
30:57 Hand Cart
31:41 Bodkin Arrow
32:36 Stone Mining
37:43 Imperial Age
35:55 Ballistics
37:18 Padded Archer Armor
39:05 Chemistry
37:45 Heavy Camel Rider
39:04 Plate Barding Armor
37:53 Halberdier
39:21 Conscription
40:56 Blast Furnace
40:41 Murder Holes
41:21 Crop Rotation
41:52 Two-Man Saw
42:05 Plate Mail Armor
41:42 Light Cavalry
糖老头
2:34 Loom
7:12 Loom
9:38 Feudal Age
10:17 Double-Bit Axe
11:20 Horse Collar
19:22 Stone Mining
21:41 Castle Age
19:54 Stone Mining
20:50 Bloodlines
21:41 Scale Barding Armor
23:38 Husbandry
24:00 Chain Barding Armor
27:52 Forging
31:14 Wheelbarrow
32:58 Iron Casting
36:18 Hand Cart
36:19 Town Watch
36:49 Heavy Plow
37:02 Bow Saw
37:07 Gold Mining
39:58 Imperial Age
37:48 Fletching
40:19 Elite Monaspa
41:21 Conscription
41:43 Plate Barding Armor
41:32 Treadmill Crane
43:11 Chemistry
42:25 Town Patrol
Connection lost

Rejoining the realm…

Still unreachable

The connection could not be restored.

Session expired

The server has moved on; the page needs a fresh start.